 Dungeon Crawl Stone Soup version 0.31-a0-360-gb3e1d13bf4 (webtiles) character file.

Game seed: 9601238274478208365

66657 promet the Thaumaturge (level 15, 0/103 HPs)
             Began as a Gnoll Air Elementalist on July 25, 2023.
             Was the Champion of Hepliaklqana.
             Slain by an efreet
             ... wielding a +2 scimitar of flaming
              (6 damage)
             ... on level 14 of the Dungeon on July 26, 2023.
             The game lasted 03:45:53 (38774 turns).

promet the Thaumaturge (Gnoll Air Elementalist)    Turns: 38774, Time: 03:45:54

Health: 0/103      AC: 15    Str: 17    XL:     15   Next: 20%
Magic:  30/30      EV: 18    Int: 19    God:    Hepliaklqana [******]
Gold:   682        SH:  0    Dex: 20    Spells: 17/36 levels left

rFire   + . .        a - +2 great mace (vamp)
rCold   + . .        (shield currently unavailable)
rNeg    + + .        H - +3 ring mail of the Marlin {rC+ Str+3 Dex+3}
rPois   +            (helmet restricted)
rElec   .            U - +1 cloak
rCorr   .            s - +0 pair of gloves
SInv    .            Q - +0 pair of boots
Will    +....        D - amulet of the acrobat
Stlth   ++++         W - +6 ring of strength
HPRegen 0.37/turn    P - ring "Ytoobbil" {rPois rF+ rN++}
MPRegen 0.22/turn

%: acrobat
@: no status effects
A: reduced essence, fangs 1, strong nose, distributed training, antennae 1,
agile 1, poison resistance
a: Renounce Religion, Recall Ancestor, Ancestor Identity, Transference, Idealise


You were on level 14 of the Dungeon.
You worshipped Hepliaklqana.
Hepliaklqana was exalted by your worship.
You visited 4 branches of the dungeon, and saw 22 of its levels.

You collected 2002 gold pieces.
You spent 1320 gold pieces at shops.

Inventory:

Hand Weapons
 a - a +2 vampiric great mace (weapon)
 b - the +8 longbow "Zephyr" {speed, Dex+3 SInv}
   (You bought it in a shop on level 9 of the Dungeon)

   Dex:       It affects your dexterity (+3).
   SInv:      It lets you see invisible.
 c - a +0 rapier of venom
 d - a +1 heavy trident
 e - a +2 battleaxe of flaming
 l - a +2 heavy falchion
 q - a +2 glaive of protection
 w - a +4 scimitar of flaming
 G - the +6 flail "Hyvyxt" {speed, Fly Will+}
   (You found it on level 9 of the Dungeon)

   Fly:       It grants you flight.
   Will:      It increases your willpower.
 O - the +7 short sword "Ogre's Undoing" {freeze, rC+ rN+}
   (You found it on level 10 of the Dungeon)

   rC:        It protects you from cold.
   rN:        It protects you from negative energy.
 Y - a +2 war axe of pain
Missiles
 i - 7 javelins
 m - 10 atropa-tipped darts
 E - 7 curare-tipped darts (quivered)
 J - 2 throwing nets
 K - 36 poisoned darts
 L - 9 boomerangs
Armour
 n - a +0 troll leather armour
 s - a +0 pair of gloves (worn)
 H - the +3 ring mail of the Marlin (worn) {rC+ Str+3 Dex+3}
   (You found it on level 6 of the Dungeon)

   Str:       It affects your strength (+3).
   Dex:       It affects your dexterity (+3).
   rC:        It protects you from cold.
 Q - a +0 pair of boots (worn)
 U - a +1 cloak (worn)
Jewellery
 o - a ring of see invisible
 D - an amulet of the acrobat (around neck)
 N - a ring of protection from cold
 P - the ring "Ytoobbil" (right hand) {rPois rF+ rN++}
   (You found it on level 5 of the Lair of Beasts)

   [ring of protection from fire]

   rF:        It protects you from fire.
   rPois:     It protects you from poison.
   rN:        It greatly protects you from negative energy.
 W - a +6 ring of strength (left hand)
 X - a ring of resist corrosion
Talismans
 C - a blade talisman
Wands
 g - a wand of digging (11)
 x - a wand of mindburst (15)
 y - a wand of roots (29)
 A - a wand of acid (7)
 M - a wand of polymorph (9)
 R - a wand of flame (25)
 Z - a wand of charming (4)
Scrolls
 j - a scroll of revelation
 z - 2 scrolls of fear
 B - 2 scrolls of fog
 F - 10 scrolls of teleportation
 I - 4 scrolls of poison
 V - 6 scrolls of identify
Potions
 f - 3 potions of lignification
 k - 4 potions of might
 p - 2 potions of brilliance
 r - 3 potions of magic
 t - 4 potions of attraction
 u - 4 potions of enlightenment
 v - a potion of curing
 T - 2 potions of cancellation
Miscellaneous
 h - a phantom mirror


   Skills:
 + Level 10.1 Fighting
 + Level 10.1 Short Blades
 + Level 10.1 Long Blades
 + Level 10.1 Axes
 + Level 10.1 Maces & Flails
 + Level 10.1 Polearms
 + Level 10.1 Staves
 + Level 10.1 Ranged Weapons
 + Level 10.1 Throwing
 + Level 10.1 Armour
 + Level 11.1 Dodging
 + Level 10.9 Stealth
 + Level 10.1 Shields
 + Level 10.1 Unarmed Combat
 + Level 11.2 Spellcasting
 + Level 8.7 Conjurations
 + Level 8.4 Hexes
 + Level 8.4 Summonings
 + Level 8.4 Necromancy
 + Level 8.4 Translocations
 + Level 8.4 Transmutations
 + Level 8.4 Fire Magic
 + Level 8.4 Ice Magic
 + Level 10.1 Air Magic
 + Level 8.4 Earth Magic
 + Level 8.4 Poison Magic
 + Level 11.0 Invocations
 + Level 10.1 Evocations
 + Level 8.4 Shapeshifting


You had 17 spell levels left.
You knew the following spells:

 Your Spells              Type           Power      Damage    Failure   Level
a - Shock                 Conj/Air       100%       1d9       1%          1
b - Static Discharge      Conj/Air       92%        2-6/arc   1%          2
c - Cigotuvi's Dreadful   Necr/Pois/Air  88%        N/A       1%          2
d - Airstrike             Air            24%        2d(4-20)  1%          4
e - Ignite Poison         Fire/Tmut/Pois 42%        N/A       1%          3
f - Swiftness             Air            49%        N/A       1%          3
g - Passwall              Tmut/Erth      35%        N/A       1%          2
h - Foxfire               Conj/Fire      100%       2x1d9     1%          1
i - Sting                 Tmut/Pois      100%       1d8       1%          1

Your spell library contained the following spells:

 Spells                   Type           Power      Damage    Failure   Level
 Apportation              Tloc           84%        N/A       1%          1
 Necrotise                Necr           100%       1d9       1%          1
 Sandblast                Erth           84%        2d18      1%          1
 Ensorcelled Hibernation  Hex/Ice        84%        N/A       1%          2
 Sublimation of Blood     Necr           42%        N/A       1%          2
 Ozocubu's Armour         Ice            42%        N/A       1%          3
 Vampiric Draining        Necr           42%        2d9       1%          3
 Animate Dead             Necr           42%        N/A       3%          4
 Leda's Liquefaction      Hex/Erth       21%        N/A       3%          4
 Petrify                  Tmut/Erth      42%        N/A       3%          4
 Freezing Cloud           Conj/Ice/Air   22%        6-21      7%          5
 Agony                    Necr           42%        N/A       9%          5
 Alistair's Intoxication  Tmut/Pois      28%        N/A       9%          5
 Irradiate                Conj/Tmut      21%        3d18      9%          5
 Lee's Rapid Deconstruct  Erth           21%        3d12*     9%          5
 Leda's Unmaking          Conj/Erth      21%        9d4       43%         6
 Simulacrum               Ice/Necr       21%        N/A       45%         6
 Haunt                    Necr/Summ      21%        N/A       95%         7
 Ozocubu's Refrigeration  Ice            21%        4d12      95%         7
 Infestation              Necr           21%        N/A       100%        8
 Polar Vortex             Ice            21%        12d2*     100%        9


Dungeon Overview and Level Annotations

Branches:
Dungeon (14/15)            Temple (0/1) D:5            Lair (5/5) D:10
 Shoals (0/4) Lair:2        Snake (1/4) Lair:3        Slime (0/5) Lair:5
    Orc (2/2) D:12            Elf (0/3) Orc:2
 Vaults: D:13-14

Altars:
Cheibriados
Dithmenos
Elyvilon
Hepliaklqana
Makhleb
Nemelex Xobeh
Okawaru
Sif Muna
Trog
Uskayaw
Wu Jian
Yredelemnul
Jiyva
Lugonu

Shops:
D:9 (   Orc:2 !!*[

Portals:
Abyss: Lair:5

Annotations:
D:3 Terence
D:4 1 runed translucent door, pigah's ghost, amateur OpSh
D:8 exclusion: ice statue
Lair:3 1 runed translucent door, Newt's ghost, journeyman DrSh
Lair:4 exclusion: ice statue


Innate Abilities, Weirdness & Mutations

Your life essence is reduced to manifest your ancestor. (-10% HP)
You have very sharp teeth.
Your uncanny sense of smell can sniff out nearby items.
Your experience applies equally to all skills.
You have a pair of small antennae on your head.
You are agile. (Dex +4, Str/Int -1)
Your system is resistant to poisons. (rPois)


Message History

You feel much better.
The centaur warrior unwields a +0 orcbow.
The centaur warrior hits you but does no damage.
The centaur warrior kicks you but does no damage.
The skeletal warrior barely misses you. The fire crab misses you.
The fire crab claws you.
You are engulfed in flames.
You resist.
The skeletal warrior attacks as you move away!
The skeletal warrior hits you with a +0 hand axe!
* * * LOW HITPOINT WARNING * * *
Your surroundings suddenly seem different.
A white ugly thing and an efreet come into view.
The efreet is wielding a +2 scimitar of flaming.
Found 9 gold pieces.
The white ugly thing gurgles horribly!
You feel better.
The white ugly thing punches you but does no damage.
You thump the white ugly thing!
You feel better.
You bite the white ugly thing.
The white ugly thing is moderately wounded.
The white ugly thing closely misses you.
You bludgeon the white ugly thing!!
You feel better.
The white ugly thing is severely wounded.
The efreet closely misses you.
The white ugly thing completely misses you.
The efreet hits you with a +2 scimitar of flaming!!
* * * LOW HITPOINT WARNING * * *
The efreet burns you.
* * * LOW HITPOINT WARNING * * *
You hit the white ugly thing.
You feel better.
The white ugly thing is severely wounded.
The white ugly thing punches you!
* * * LOW HITPOINT WARNING * * *
The white ugly thing freezes you! You resist.
* * * LOW HITPOINT WARNING * * *
The efreet misses you.
You feel much better. The white ugly thing punches you.
* * * LOW HITPOINT WARNING * * *
The white ugly thing freezes you! You resist.
* * * LOW HITPOINT WARNING * * *
The efreet hits you with a +2 scimitar of flaming.
You die...

#### #......# #.##. ...# #......#
#.##. .#.# #......# #.##. .#.#
######......###########.##. ##.#
#..........................
##)####.####......###..######.##.
.)..)...# #...{..# #..# #.##.
.#.###### #..#######..# ####.
.#.###### #..#$@...#..# ..)∆ ##
§.§§....# #..#.uR..#..#.... #
§§§§≈...# #..#.....#..#.... .
≈§§§≈...# #..#.....#..'... .
≈≈≈≈≈≈≈.# ##.#.....#..'..
≈≈≈≈≈§≈§# #..####++#..#####
§≈§≈≈≈≈≈# #........cz......
≈≈≈≈≈#### #........(.......
≈≈≈§§§ ##########t.#''##


You could see a white ugly thing and an efreet.

Vanquished Creatures
  Rupert (D:13)
  An entropy weaver (Lair:5)
  4 hydras
  A death knight (D:12)
  A centaur warrior (D:13)
  A boulder beetle (D:14)
  2 two-headed ogres
  A thrashing horror (Lair:5)
  A naga sharpshooter (Snake:1)
  3 skysharks
  Sonja (Lair:2)
  2 skeletal warriors (D:14)
  A goliath frog (shapeshifter) (Orc:1)
  A lindwurm (Lair:5)
  Pikel (D:7)
  An orc knight (Orc:2)
  An ugly thing (Lair:5)
  An orc sorcerer (Orc:1)
  A deep elf pyromancer (D:11)
  2 cyclopes
  2 elephants (Lair:4)
  A manticore (D:11)
  2 black mambas
  Maurice (D:10)
  5 cane toads
  2 gargoyles
  5 komodo dragons
  An unseen horror (D:13)
  3 rime drakes
  An efreet (D:14)
  A troll (D:13)
  2 polar bears (Lair:4)
  A raiju (Lair:5)
  4 dream sheep
  8 blink frogs
  A ynoxinul (Lair:5)
  2 wraiths
  A shadow (D:10)
  17 yaks
  A steam dragon (D:8)
  2 vampire mosquitoes (D:14)
  A chaos spawn (Lair:5)
  2 wargs (Orc:2)
  A large abomination (Lair:5)
  An acid dragon (D:10)
  7 water moccasins
  30 orc warriors
  4 ice beasts
  A swamp drake (Lair:2)
  A black bear (D:4)
  4 ogres
  7 wolves
  16 centaurs
  3 kobold brigands
  4 bullfrogs
  4 small abominations (Lair:5)
  4 scorpions
  5 killer bees
  4 howler monkeys
  3 electric eels (Lair:4)
  2 lava snakes (D:14)
  A hound (D:5)
  8 jellies
  16 orc priests
  2 gnoll boudas
  A sleepcap (D:4)
  Jessica (D:2)
  3 iguanas
  12 orc wizards
  4 gnolls
  9 adders
  2 white imps (Lair:4)
  2 ufetubi (D:5)
  2 worms
  2 dart slugs
  47 orcs
  5 bats
  6 endoplasms
  6 giant cockroaches
  9 hobgoblins
  2 jackals (D:3)
  4 quokkas
  6 ball pythons
  3 frilled lizards
  7 goblins
  20 kobolds
  3 rats (D:1)
  A butterfly (D:6)
379 creatures vanquished.

Vanquished Creatures (collateral kills)
  Erolcha (D:13)
  2 boulder beetles (Lair:3)
  A boulder beetle (shapeshifter) (Lair:5)
  2 thrashing horrors (Lair:5)
  A tengu warrior (D:14)
  A skyshark (Lair:5)
  A skeletal warrior (D:14)
  2 lindwurms (Lair:5)
  A manticore (D:12)
  4 black mambas
  9 elephants
  A gargoyle (D:12)
  9 cane toads
  4 komodo dragons
  A tengu conjurer (D:14)
  4 trolls
  2 polar bears
  A hornet (D:9)
  2 raiju (Lair:5)
  5 blink frogs
  9 dream sheep
  2 ynoxinuls (Lair:5)
  A centaur simulacrum (D:12)
  A spriggan (shapeshifter) (Lair:5)
  A wyvern (shapeshifter) (Lair:5)
  2 wraiths (D:12)
  A large abomination (Lair:5)
  15 yaks
  2 basilisks
  A swamp worm (shapeshifter) (Lair:5)
  2 vampire mosquitoes
  6 water moccasins
  8 ice beasts (Lair:4)
  9 orc warriors
  An ogre (Orc:2)
  5 wolves
  2 centaurs
  2 lemures (D:7)
  A kobold brigand (D:10)
  3 bullfrogs
  6 scorpions
  3 wights (D:10)
  9 killer bees
  A howler monkey (D:12)
  5 orc priests
  A hound (D:5)
  2 jellies
  11 orc wizards
  4 small abominations (Lair:5)
  3 gnolls (D:6)
  2 adders (D:5)
  24 orcs
  An endoplasm (Lair:5)
  10 kobolds
  A butterfly (D:6)
211 creatures vanquished.

Vanquished Creatures (others)
  2 orc wizards
  24 battlemagi
  4 ancestors
  27 foxfires
57 creatures vanquished.

Grand Total: 647 creatures vanquished

Notes
Turn   | Place    | Note
-------+----------+-------------------------------------------
     0 | D:1      | promet the Gnoll Air Elementalist began the quest for the
                  | Orb.
     0 | D:1      | Reached XP level 1. HP: 13/13 MP: 6/6
   827 | D:1      | Reached XP level 2. HP: 19/19 MP: 3/7
   830 | D:1      | Learned a level 2 spell: Static Discharge
  1804 | D:2      | Reached skill level 5 in Spellcasting
  1804 | D:2      | Reached XP level 3. HP: 21/25 MP: 2/9
  2047 | D:2      | Noticed Jessica
  2052 | D:2      | Killed Jessica
  2053 | D:2      | Reached skill level 1 in Fighting
  2053 | D:2      | Reached skill level 1 in Short Blades
  2053 | D:2      | Reached skill level 1 in Long Blades
  2053 | D:2      | Reached skill level 1 in Axes
  2053 | D:2      | Reached skill level 1 in Maces & Flails
  2053 | D:2      | Reached skill level 1 in Polearms
  2053 | D:2      | Reached skill level 1 in Staves
  2053 | D:2      | Reached skill level 1 in Ranged Weapons
  2053 | D:2      | Reached skill level 1 in Throwing
  2053 | D:2      | Reached skill level 1 in Armour
  2053 | D:2      | Reached skill level 1 in Shields
  2053 | D:2      | Reached skill level 1 in Unarmed Combat
  2053 | D:2      | Reached skill level 1 in Invocations
  2053 | D:2      | Reached skill level 1 in Evocations
  2053 | D:2      | Reached XP level 4. HP: 32/32 MP: 8/11
  2648 | D:2      | Reached skill level 1 in Hexes
  2648 | D:2      | Reached skill level 1 in Summonings
  2648 | D:2      | Reached skill level 1 in Necromancy
  2648 | D:2      | Reached skill level 1 in Translocations
  2648 | D:2      | Reached skill level 1 in Transmutations
  2648 | D:2      | Reached skill level 1 in Fire Magic
  2648 | D:2      | Reached skill level 1 in Ice Magic
  2648 | D:2      | Reached skill level 1 in Earth Magic
  2648 | D:2      | Reached skill level 1 in Poison Magic
  2648 | D:2      | Reached skill level 1 in Shapeshifting
  2741 | D:3      | Found a faded altar of an unknown god.
  2859 | D:3      | Noticed an ogre
  2883 | D:3      | Noticed Terence
  3230 | D:3      | Identified the +2 helmet of the Blue Skies {rC+ Int+5}
  3333 | D:3      | Reached XP level 5. HP: 37/37 MP: 8/12
  3542 | D:3      | Found a hazy altar of Hepliaklqana.
  3846 | D:3      | Found a shadowy altar of Dithmenos.
  3846 | D:3      | Noticed a shadow
  3856 | D:3      | Became a worshipper of Hepliaklqana the Forgotten
  3923 | D:4      | Reached XP level 6. HP: 19/44 MP: 11/14
  4186 | D:4      | Found a runed translucent door.
  4187 | D:4      | Noticed pigah's ghost (amateur OpSh)
  4242 | D:4      | Noticed a black bear
  4256 | D:4      | Learned a level 2 spell: Cigotuvi's Dreadful Rot
  4269 | D:4      | Killed a black bear
  4270 | D:4      | Reached skill level 5 in Dodging
  5178 | D:4      | Reached XP level 7. HP: 45/47 MP: 8/15
  5818 | D:4      | Found a snail-covered altar of Cheibriados.
  6158 | D:4      | Reached skill level 5 in Stealth
  6294 | D:4      | Learned a level 4 spell: Airstrike
  6298 | D:4      | Learned a level 3 spell: Ignite Poison
  6302 | D:4      | Learned a level 3 spell: Swiftness
  6594 | D:5      | Entered Level 5 of the Dungeon
  7037 | D:5      | Reached * piety under Hepliaklqana
  7077 | D:5      | Reached XP level 8. HP: 38/51 MP: 16/16
  7565 | D:5      | Found a staircase to the Ecumenical Temple.
  7602 | D:5      | Found a shimmering blue altar of Sif Muna.
  7624 | D:5      | Found an ornate altar of the Wu Jian Council.
  7679 | D:5      | Found an iron altar of Okawaru.
  7712 | D:5      | Found a hide-covered altar of Uskayaw.
  7713 | D:5      | Noticed a +0 hand axe
  7713 | D:5      | Noticed a +0 hand axe
  7952 | D:5      | Found a basalt altar of Yredelemnul.
  8232 | D:6      | Identified the +3 ring mail of the Marlin {rC+ Str+3 Dex+3}
  9754 | D:6      | Found a runed translucent door.
  9756 | D:6      | Found a runed translucent door.
  9920 | D:7      | Reached ** piety under Hepliaklqana
 10912 | D:7      | Reached XP level 9. HP: 56/58 MP: 15/18
 11236 | D:7      | Gained mutation: Your system is resistant to poisons.
                  | (rPois) [potion of mutation]
 11236 | D:7      | Gained mutation: You have hidden genetic defects. [potion
                  | of mutation]
 11823 | D:7      | Noticed Pikel
 12061 | D:7      | Killed Pikel
 12070 | D:7      | Gained mutation: You are weak. (Str -2) [hidden defects]
 12344 | D:8      | Reached skill level 5 in Invocations
 13088 | D:8      | Found a sparkling altar of Nemelex Xobeh.
 13431 | D:8      | Found a bloodstained altar of Trog.
 13514 | D:8      | Gained mutation: You occasionally lose the ability to read
                  | scrolls when taking damage. [hidden defects]
 13514 | D:8      | Lost mutation: You have hidden genetic defects. [hidden
                  | defects expressed]
 13517 | D:8      | Lost mutation: You occasionally lose the ability to read
                  | scrolls when taking damage. [potion of mutation]
 13517 | D:8      | Lost mutation: You are weak. (Str -2) [potion of mutation]
 13517 | D:8      | Gained mutation: You have a pair of small antennae on your
                  | head. [potion of mutation]
 13517 | D:8      | Gained mutation: You are agile. (Dex +4, Str/Int -1)
                  | [potion of mutation]
 13788 | D:8      | Noticed an ice statue
 14381 | D:8      | Found a white marble altar of Elyvilon.
 14502 | D:9      | Reached XP level 10. HP: 63/65 MP: 17/20
 14751 | D:9      | Reached skill level 5 in Fighting
 14751 | D:9      | Reached skill level 5 in Short Blades
 14751 | D:9      | Reached skill level 5 in Long Blades
 14751 | D:9      | Reached skill level 5 in Axes
 14751 | D:9      | Reached skill level 5 in Maces & Flails
 14751 | D:9      | Reached skill level 5 in Polearms
 14751 | D:9      | Reached skill level 5 in Staves
 14751 | D:9      | Reached skill level 5 in Ranged Weapons
 14751 | D:9      | Reached skill level 5 in Throwing
 14751 | D:9      | Reached skill level 5 in Armour
 14751 | D:9      | Reached skill level 5 in Shields
 14751 | D:9      | Reached skill level 5 in Unarmed Combat
 14751 | D:9      | Reached skill level 5 in Evocations
 14808 | D:9      | Identified the +6 flail "Hyvyxt" {speed, Fly Will+}
 14887 | D:9      | Noticed a +0 giant club
 14890 | D:9      | Found Zariemn's Weapon Shop.
 14893 | D:9      | Noticed a +0 demon whip
 15233 | D:9      | Learned a level 2 spell: Passwall
 15379 | D:5      | Got Sif Muna's Meditations on Vicissitude
 15381 | D:5      | Got Sif Muna's Octavo of the Dragon
 15384 | D:5      | Got Sif Muna's Handbook of the Fault
 15506 | D:5      | Learned a level 1 spell: Foxfire
 15508 | D:5      | Learned a level 1 spell: Sting
 15845 | D:9      | Remembered your ancestor Sofian as a battlemage
 15984 | D:10     | Entered Level 10 of the Dungeon
 15996 | D:10     | Noticed a two-headed ogre
 16000 | D:10     | Killed a two-headed ogre
 16001 | D:10     | Reached skill level 5 in Conjurations
 16375 | D:10     | Identified the +7 short sword "Ogre's Undoing" {freeze, rC+
                  | rN+}
 16439 | D:10     | Reached *** piety under Hepliaklqana
 16707 | D:10     | Noticed Maurice
 16729 | D:10     | Killed Maurice
 16869 | D:10     | Found a burning altar of Makhleb.
 17282 | D:10     | Found a staircase to the Lair.
 17484 | D:11     | Reached XP level 11. HP: 63/72 MP: 12/22
 17687 | D:11     | Noticed a two-headed ogre
 17697 | D:11     | Killed a two-headed ogre
 17698 | D:11     | Reached skill level 5 in Hexes
 17698 | D:11     | Reached skill level 5 in Summonings
 17698 | D:11     | Reached skill level 5 in Necromancy
 17698 | D:11     | Reached skill level 5 in Translocations
 17698 | D:11     | Reached skill level 5 in Transmutations
 17698 | D:11     | Reached skill level 5 in Fire Magic
 17698 | D:11     | Reached skill level 5 in Ice Magic
 17698 | D:11     | Reached skill level 5 in Earth Magic
 17698 | D:11     | Reached skill level 5 in Poison Magic
 17698 | D:11     | Reached skill level 5 in Shapeshifting
 18371 | D:11     | Noticed a deep elf pyromancer
 18380 | D:11     | Killed a deep elf pyromancer
 18766 | D:11     | Noticed a manticore
 18774 | D:11     | Killed a manticore
 19484 | D:12     | Reached **** piety under Hepliaklqana
 19538 | D:12     | Noticed a manticore
 19544 | D:12     | Killed a manticore
 19780 | D:12     | Noticed a cyclops
 19786 | D:12     | Killed a cyclops
 20024 | D:12     | Noticed a cyan ugly thing
 20079 | D:12     | Noticed a death knight
 20087 | D:12     | Killed a death knight
 20250 | D:12     | Found a staircase to the Orcish Mines.
 20567 | D:12     | Reached XP level 12. HP: 80/80 MP: 24/24
 20920 | Lair:1   | Entered Level 1 of the Lair of Beasts
 21104 | Lair:1   | Reached ***** piety under Hepliaklqana
 21372 | Lair:1   | You are sucked into a shaft and drop 1 floor!
 21788 | Lair:2   | Noticed Sonja
 21790 | Lair:2   | Killed Sonja
 22349 | Lair:2   | Found a staircase to the Shoals.
 22392 | Lair:2   | Noticed a five-headed hydra
 22402 | Lair:2   | Killed a five-headed hydra
 23188 | Lair:3   | Noticed a boulder beetle
 23188 | Lair:3   | Noticed a boulder beetle
 23488 | Lair:3   | Killed a boulder beetle
 23595 | Lair:3   | Reached XP level 13. HP: 82/88 MP: 19/26
 24495 | Lair:3   | Found a staircase to the Snake Pit.
 24608 | Lair:3   | Found a runed translucent door.
 24610 | Lair:3   | Noticed Newt's ghost (journeyman DrSh)
 24614 | Lair:3   | Identified the +5 spear "Veeri" {flame, Contam Str+7
                  | Stlth+}
 24832 | Snake:1  | Entered Level 1 of the Snake Pit
 25683 | Lair:4   | Reached skill level 10 in Spellcasting
 26416 | Lair:4   | Reached skill level 10 in Dodging
 27361 | Lair:5   | Entered Level 5 of the Lair of Beasts
 27952 | Lair:5   | HP: 1/88 [eight-headed hydra (10)]
 28416 | Lair:5   | Identified the ring "Ytoobbil" {rPois rF+ rN++}
 28494 | Lair:5   | Reached XP level 14. HP: 87/95 MP: 28/28
 28508 | Lair:5   | Reached skill level 10 in Stealth
 28686 | Lair:5   | Found a viscous altar of Jiyva.
 28686 | Lair:5   | Found a staircase to the Slime Pits.
 28776 | Lair:5   | Reached skill level 10 in Invocations
 34136 | Lair:5   | Found a corrupted altar of Lugonu.
 34136 | Lair:5   | Found a one-way gate to the infinite horrors of the Abyss.
 34518 | D:12     | Upgraded the game from 0.31-a0-358-gac0dbeb3ab to
                  | 0.31-a0-360-gb3e1d13bf4
 34519 | Orc:1    | Entered Level 1 of the Orcish Mines
 34901 | Orc:2    | Entered Level 2 of the Orcish Mines
 34921 | Orc:1    | an alligator changed into a quicksilver ooze
 34921 | Orc:1    | Noticed a quicksilver ooze (glowing shapeshifter)
 34924 | Orc:1    | a quicksilver ooze changed into an ettin
 35670 | D:9      | Bought the +8 longbow "Zephyr" {speed, Dex+3 SInv} for 1155
                  | gold pieces
 35670 | D:9      | Found the +8 longbow "Zephyr" {speed, Dex+3 SInv}
 36536 | Orc:2    | Found Vyrghu Raorgh's Assorted Antiques.
 36536 | Orc:2    | Found Foemm's Distillery.
 36538 | Orc:2    | Found Tusan's Distillery.
 36540 | Orc:2    | Found Jidoat's Armour Boutique.
 36557 | Orc:2    | Found a staircase to the Elven Halls.
 36719 | Orc:2    | Bought a potion of heal wounds for 85 gold pieces
 36727 | Orc:2    | Bought a potion of magic for 80 gold pieces
 37554 | D:13     | Reached skill level 10 in Air Magic
 37575 | D:13     | Reached XP level 15. HP: 49/103 MP: 30/30
 37789 | D:13     | Noticed Rupert
 37800 | D:13     | Killed Rupert
 37960 | D:13     | Noticed Erolcha
 37968 | D:13     | Killed Erolcha
 37969 | D:13     | Reached skill level 10 in Fighting
 37969 | D:13     | Reached skill level 10 in Short Blades
 37969 | D:13     | Reached skill level 10 in Long Blades
 37969 | D:13     | Reached skill level 10 in Axes
 37969 | D:13     | Reached skill level 10 in Maces & Flails
 37969 | D:13     | Reached skill level 10 in Polearms
 37969 | D:13     | Reached skill level 10 in Staves
 37969 | D:13     | Reached skill level 10 in Ranged Weapons
 37969 | D:13     | Reached skill level 10 in Throwing
 37969 | D:13     | Reached skill level 10 in Armour
 37969 | D:13     | Reached skill level 10 in Shields
 37969 | D:13     | Reached skill level 10 in Unarmed Combat
 37969 | D:13     | Reached skill level 10 in Evocations
 38149 | D:13     | Reached ****** piety under Hepliaklqana
 38773 | D:14     | HP: 1/103 [white ugly thing (16)]
 38774 | D:14     | Slain by an efreet

Illustrated notes

Levels and vault maps discovered:
D:1:      minmay_arrival_diagonal_passages, layout_loops_corners,
          corexii_leaking_fountain
D:2:      minmay_angry_zag, layout_rooms, uniq_jessica
D:3:      layout_loops_cross, riverfiend_overflow_shadow_ancestor,
          hellmonk_ecumenical_altar_lost_god, uniq_terence
D:4:      layout_loops_ring, chei_slow_surprise, gammafunk_ghost_grave,
          corexii_hall_statues_x, minmay_bisected
D:5:      layout_basic, dancing_weapons_uskayaw,
          nicolae_sif_muna_little_library, amcnicky_altar_gilded,
          mainiacjoe_overflow_alcove_2, mainiacjoe_overflow_surrounded_room,
          minmay_temple_entry_statues_fountains
D:6:      lemuel_insect_pit, layout_basic, grunt_decor_one_mirror
D:7:      layout_cave_pods, uniq_pikel
D:8:      minmay_statue_hallways, layout_rooms, mainiacjoe_overflow_paths,
          mainiacjoe_overflow_swirl, amethyst_killhole,
          nicolae_figureground_pulse
D:9:      layout_basic, serial_shops, nicolae_shop_mannequins
D:10:     layout_cross, marbit_many_paths, grunt_lair_entry_orc_guard_hut,
          minmay_holes, hex_large, wad_floor_pattern_untrapped,
          eino_tiny_chamber, uniq_maurice
D:11:     layout_irregular_city
D:12:     layout_irregular_city, david_orc_1_choice,
          chequers_serial_rivers_small_b, minmay_fractal_squares_gapless_7
D:13:     layout_basic, hangedman_abyss_or_decor_jellyfish_corner, uniq_erolcha,
          uniq_rupert
D:14:     layout_basic, skrybe_vaults_entry_preservation,
          minmay_increasing_density
Lair:1:   layout_loops_ring
Lair:2:   layout_chaotic_city, elwin_shoals_entry_rocks, serial_bayou_shore_b,
          uniq_sonja
Lair:3:   layout_hall_layers, dummy_snake_entry, ebering_ghost_funeral_grove,
          lemuel_fruit_tree
Lair:4:   layout_regular_city, serial_bayou, serial_bayou_lake_a,
          serial_bayou_ford_a, serial_bayou_pond_e, serial_bayou_lagoon_b,
          ice2_lemuel
Lair:5:   hellmonk_lair_end_abyssal_woods, layout_cave_pods,
          nicolae_slime_entry_slimehenge, chequers_serial_rivers_small_a,
          nicolae_lair_lindhole
Snake:1:  layout_basic, basic_altar, grunt_megastairs_4, uniq_donald
Orc:1:    layout_diamond_mine
Orc:2:    st_orc_rangers, layout_caves, basic_altar

Skill      XL: |  1  2  3  4  5  6  7  8  9 10 11 12 13 14 15 |
---------------+----------------------------------------------+-----
Conjurations   | 2 3 4 5 6 7 8 |  8.7
Spellcasting   | 5 6 7 8 9 10 11 | 11.2
Fighting       | 1 2 3 4 5 6 8 9 10 | 10.1
Short Blades   | 1 2 3 4 5 6 8 9 10 | 10.1
Long Blades    | 1 2 3 4 5 6 8 9 10 | 10.1
Axes           | 1 2 3 4 5 6 8 9 10 | 10.1
Maces & Flails | 1 2 3 4 5 6 8 9 10 | 10.1
Polearms       | 1 2 3 4 5 6 8 9 10 | 10.1
Staves         | 1 2 3 4 5 6 8 9 10 | 10.1
Ranged Weapons | 1 2 3 4 5 6 8 9 10 | 10.1
Throwing       | 1 2 3 4 5 6 8 9 10 | 10.1
Armour         | 1 2 3 4 5 6 8 9 10 | 10.1
Shields        | 1 2 3 4 5 6 8 9 10 | 10.1
Unarmed Combat | 1 2 3 4 5 6 8 9 10 | 10.1
Invocations    | 1 2 3 4 5 6 7 8 9 10 11 | 11.0
Evocations     | 1 2 3 4 5 6 8 9 10 | 10.1
Hexes          | 1 2 3 4 5 6 7 8 |  8.4
Summonings     | 1 2 3 4 5 6 7 8 |  8.4
Necromancy     | 1 2 3 4 5 6 7 8 |  8.4
Translocations | 1 2 3 4 5 6 7 8 |  8.4
Transmutations | 1 2 3 4 5 6 7 8 |  8.4
Fire Magic     | 1 2 3 4 5 6 7 8 |  8.4
Ice Magic      | 1 2 3 4 5 6 7 8 |  8.4
Earth Magic    | 1 2 3 4 5 6 7 8 |  8.4
Poison Magic   | 1 2 3 4 5 6 7 8 |  8.4
Shapeshifting  | 1 2 3 4 5 6 7 8 |  8.4
Dodging        | 5 6 7 8 9 10 11 | 11.1
Stealth        | 5 6 7 8 9 10 | 10.9
Air Magic      | 6 7 8 9 10 | 10.1

Action                     |  1- 3 |  4- 6 |  7- 9 | 10-12 | 13-15 || total
---------------------------+-------+-------+-------+-------+-------++-------
  Melee: Rapier            |    19 |    29 |    29 |     1 |     7 ||    85
         Bite              |     2 |     7 |    12 |    17 |    68 ||   106
         Punch             |       |     1 |       |     2 |    18 ||    21
         Battleaxe         |       |    12 |    58 |     3 |     8 ||    81
         Trident           |       |       |    34 |    14 |       ||    48
         Great mace        |       |       |    12 |     6 |   119 ||   137
         Flail             |       |       |       |   113 |   199 ||   312
         Short sword       |       |       |       |     5 |     1 ||     6
   Fire: Sling             |       |     3 |       |       |       ||     3
         Orcbow            |       |       |   108 |   169 |   313 ||   590
         Longbow           |       |       |       |       |   154 ||   154
  Throw: Dart              |       |       |       |    18 |     9 ||    27
   Cast: Shock             |    32 |    94 |    47 |    26 |    23 ||   222
         Static Discharge  |       |     3 |    23 |    14 |    19 ||    59
         Cigotuvi's Dreadf |       |     2 |     1 |       |     3 ||     6
         Airstrike         |       |       |     7 |    30 |    14 ||    51
         Swiftness         |       |       |     1 |       |     1 ||     2
         Ignite Poison     |       |       |       |     8 |    16 ||    24
         Passwall          |       |       |       |     2 |       ||     2
         Sting             |       |       |       |     3 |    20 ||    23
         Foxfire           |       |       |       |     3 |    13 ||    16
 Invoke: Recall Ancestor   |       |       |     1 |     2 |     3 ||     6
         Ancestor Life: Ba |       |       |       |     1 |       ||     1
         Idealise          |       |       |       |     1 |     1 ||     2
  Evoke: Wand              |       |       |       |     2 |       ||     2
    Use: Scroll            |     4 |     4 |     7 |     6 |     4 ||    25
         Potion            |       |       |     8 |     1 |     4 ||    13
   Stab: Sleeping          |     2 |     8 |     5 |     2 |       ||    17
         Distracted        |       |       |     4 |     6 |     5 ||    15
 Armour: Robe              |     7 |    13 |    47 |    20 |       ||    87
         Ring mail         |       |       |    20 |     1 |     6 ||    27
         Troll leather arm |       |       |       |    20 |   147 ||   167
  Dodge: Dodged            |    24 |    47 |   186 |   132 |   541 ||   930

Table legend: (Time is in decaauts)
 A = Elapsed time spent in this place.
 B = Non-inter-level travel time spent in this place.
 C = Inter-level travel time spent in this place.
 D = Time resting spent in this place.
 E = Time spent auto-exploring this place.
 F = Levels seen in this place.
 G = Mean time per level.
                   A        B        C        D        E       F      G
               +--------+--------+--------+--------+--------+-----+--------+
         Total |  38801 |  36564 |   2237 |  15792 |   5867 |  22 | 1763.7 |
       Dungeon |  23012 |  21459 |   1553 |   9033 |   3548 |  14 | 1643.7 |
          Lair |  13342 |  12781 |    561 |   6051 |   2230 |   5 | 2668.4 |
     Snake Pit |    224 |    223 |      1 |    113 |      0 |   1 |  224.0 |
  Orcish Mines |   2221 |   2099 |    122 |    594 |     89 |   2 | 1110.5 |
               +--------+--------+--------+--------+--------+-----+--------+

Top non-repeatable levels by time:
  Lair:5: 6789 daAuts
     D:4: 2746 daAuts
     D:7: 2387 daAuts
     D:6: 2341 daAuts
  Lair:4: 2226 daAuts
     D:5: 2115 daAuts
  Lair:3: 1821 daAuts
    D:12: 1764 daAuts
     D:8: 1751 daAuts
  Lair:2: 1631 daAuts
    D:10: 1618 daAuts
     D:1: 1555 daAuts
    D:11: 1531 daAuts
   Orc:2: 1361 daAuts
     D:2: 1342 daAuts
